 Dungeon Crawl Stone Soup version 0.28.0-55-gcd9437bce4 (webtiles) character file.

Game seed: 1704132612622248139

3416 AarnesTheHuman the Blocker (level 10, -25/80 HPs)
             Began as a Gnoll Fighter on Jan 2, 2023.
             Was a Follower of Makhleb.
             Killed by an exploding killer bee (29 damage)
             ... ignited by their inner flame
             ... on level 8 of the Dungeon.
             The game lasted 00:10:07 (7765 turns).

AarnesTheHuman the Blocker (Gnoll Fighter)          Turns: 7765, Time: 00:10:08

Health: -25/80     AC: 12    Str: 19    XL:     10   Next: 5%
Magic:  17/17      EV: 10    Int:  9    God:    Makhleb [*.....]
Gold:   1184       SH: 10    Dex: 14    Spells: 18/18 levels left

rFire   . . .      SeeInvis .   a - +2 war axe (elec)
rCold   . . .      Faith    .   D - +0 kite shield
rNeg    . . .      Spirit   .   u - +1 scale mail of Kamieme {Dex+3}
rPois   .          Reflect  .   (no helmet)
rElec   .          Harm     .   (no cloak)
rCorr   .          Rampage  .   v - +0 pair of gloves
Will    .....                   i - +1 pair of boots
Stlth   +.........              k - amulet of regeneration
HPRegen 1.03/turn               (no ring)
MPRegen 0.15/turn               (no ring)

@: lethally poisoned (-25 -> -26), weak-willed, slowed, very slow
A: fangs 1, strong nose, distributed training
a: Renounce Religion


You were on level 8 of the Dungeon.
You worshipped Makhleb.
Makhleb was aware of your devotion.
You visited 2 branches of the dungeon, and saw 9 of its levels.

You collected 1296 gold pieces.
You spent 112 gold pieces at shops.

Inventory:

Hand Weapons
 a - a +2 war axe of electrocution (weapon)
 b - a +2 flail of holy wrath
 o - a +4 flail
Missiles
 e - 52 sling bullets
 g - 167 stones (quivered)
 m - 2 throwing nets
 s - a boomerang
 y - 7 poisoned darts
Armour
 c - a +0 buckler
 i - a +1 pair of boots (worn)
 u - the +1 scale mail of Kamieme (worn) {Dex+3}
   (You found it on level 5 of the Dungeon)

   Dex:       It affects your dexterity (+3).
 v - a +0 pair of gloves (worn)
 D - a +0 kite shield (worn)
Jewellery
 k - an amulet of regeneration (around neck)
Wands
 p - a wand of mindburst (9)
 z - a wand of flame (8)
Scrolls
 l - 3 scrolls of teleportation
 q - 2 scrolls of noise
 E - 2 scrolls of identify
Potions
 f - 4 potions of cancellation {unknown}
 r - a potion of berserk rage {unknown}
 t - a potion of flight {unknown}
 w - 2 potions of resistance {unknown}
 x - a potion of haste {unknown}
 B - a potion of lignification {unknown}


   Skills:
 + Level 8.2 Fighting
 + Level 4.8 Short Blades
 + Level 4.8 Long Blades
 + Level 6.7 Axes
 + Level 4.8 Maces & Flails
 + Level 4.8 Polearms
 + Level 4.8 Staves
 + Level 4.8 Slings
 + Level 4.8 Bows
 + Level 4.8 Crossbows
 + Level 4.8 Throwing
 + Level 8.2 Armour
 + Level 4.8 Dodging
 + Level 4.8 Stealth
 + Level 8.2 Shields
 + Level 4.8 Unarmed Combat
 + Level 4.8 Spellcasting
 + Level 4.0 Conjurations
 + Level 4.0 Hexes
 + Level 4.0 Summonings
 + Level 4.0 Necromancy
 + Level 4.0 Translocations
 + Level 4.0 Transmutations
 + Level 4.0 Fire Magic
 + Level 4.0 Ice Magic
 + Level 4.0 Air Magic
 + Level 4.0 Earth Magic
 + Level 4.0 Poison Magic
 + Level 5.3 Invocations
 + Level 4.8 Evocations


You had 18 spell levels left.
You didn't know any spells.
Your spell library contained the following spells:

 Spells                   Type           Power      Damage    Failure   Level
 Beastly Appendage        Tmut           18%        N/A       30%         1
 Ensorcelled Hibernation  Hex/Ice        18%        N/A       41%         2
 Passwall                 Tmut/Erth      7%         N/A       41%         2
 Wereblood                Tmut           9%         N/A       41%         2
 Spider Form              Tmut/Pois      9%         N/A       65%         3
 Swiftness                Air            9%         N/A       65%         3


Dungeon Overview and Level Annotations

Branches:
Dungeon (8/15)             Temple (1/1) D:5
   Lair: D:8-11

Altars:
Cheibriados
Dithmenos
Elyvilon
Fedhas
Gozag
Hepliaklqana
Kikubaaqudgha
Makhleb
Nemelex Xobeh
Qazlal
Ru
Sif Muna
Trog
Wu Jian
Xom
Yredelemnul
Zin
The Shining One

Shops:
D:5 ?


Innate Abilities, Weirdness & Mutations

You have very sharp teeth.
Your uncanny sense of smell can sniff out nearby items.
Your experience applies equally to all skills.


Message History

* * * LOW HITPOINT WARNING * * *
You are poisoned.
The killer bee poisons you!
As you read the scroll labelled AGERGH RONIEFIE, it crumbles to dust.
The creatures around you are filled with an inner flame!
It was a scroll of immolation.
You feel very sick.
The killer bee stings you but does no damage. x2
The killer bee completely misses you. The killer bee stings you.
* * * LOW HITPOINT WARNING * * *
You block the killer bee's attack.
You feel much better.
You feel sick. You block the killer bee's attack. The killer bee stings you!
The killer bee completely misses you. x2
The killer bee barely misses you. x2; The killer bee misses you.
The killer bee completely misses you. You block the killer bee's attack.
You hit the hornet.
Flame seeps out of the hornet.
The hornet is severely wounded.
You miss the killer bee. You slash the killer bee!
Flame seeps out of the killer bee.
You closely miss the killer bee.
You feel sick. You block the killer bee's attack.
The killer bee is engulfed in blazing flames.
Makhleb accepts your kill.
The killer bee explodes!
The fiery explosion engulfs the killer bee!!
Makhleb accepts your kill.
The fiery explosion engulfs the killer bee!!
Makhleb accepts your kill.
You feel better. The fiery explosion engulfs you!
* * * LOW HITPOINT WARNING * * *
The fiery explosion engulfs the hornet!!
Makhleb accepts your kill.
The hornet explodes!
The fiery explosion engulfs you!
* * * LOW HITPOINT WARNING * * *
The killer bee explodes!
The fiery explosion engulfs you.
* * * LOW HITPOINT WARNING * * *
The killer bee explodes!
The fiery explosion engulfs you!!
You die...

#...............#
..#............##
..#.......#...##
.....###...#####
...............#
....####..##..#
∆...###..##.##
.......§##.#######
....####§@○§........
... #§○§§........
..#####§#§.........
.[................
#..#......$...[.$
#................
..#....#..#######
#....#.)# #.......#


There were no monsters in sight!

Vanquished Creatures
  Harold (D:7)
  Pikel (D:7)
  Joseph (D:8)
  Maggie (D:7)
  A hornet (D:8)
  Eustachio (D:6)
  2 steam dragons
  Menkaure (D:7)
  An orc warrior (D:7)
  A black bear (D:7)
  An ogre (D:7)
  2 necrophages
  A centaur (D:8)
  3 lemures (D:7)
  2 scorpions
  3 killer bees (D:8)
  A howler monkey (D:8)
  2 centaur zombies
  A bullfrog zombie (D:7)
  A bullfrog skeleton (D:6)
  3 hounds
  A centaur skeleton (D:7)
  2 jellies
  2 orc priests
  Ijyb (D:5)
  2 orc wizards (D:6)
  A hound skeleton (D:5)
  A howler monkey zombie (D:8)
  6 gnolls
  5 adders
  An ufetubus (D:4)
  3 worms (D:2)
  3 dart slugs
  13 orcs
  10 ball pythons
  8 endoplasms
  3 giant cockroaches
  8 goblins
  5 hobgoblins
  6 kobolds
  2 quokkas
  4 bats
  3 frilled lizards
  14 rats
135 creatures vanquished.

Vanquished Creatures (collateral kills)
  2 orcs (D:3)
2 creatures vanquished.

Grand Total: 137 creatures vanquished

Notes
Turn   | Place    | Note
-------+----------+-------------------------------------------
     0 | D:1      | AarnesTheHuman the Gnoll Fighter began the quest for the
                  | Orb.
     0 | D:1      | Reached XP level 1. HP: 23/23 MP: 1/1
     0 | D:1      | Noticed a ghoul
     8 | D:1      | Noticed a merfolk
    13 | D:1      | Noticed an ogre
    15 | D:1      | Noticed a draconian
    19 | D:1      | Noticed a merfolk zombie
   141 | D:1      | Reached XP level 2. HP: 22/29 MP: 2/2
   332 | D:1      | Found a faded altar of an unknown god.
   848 | D:1      | Reached XP level 3. HP: 34/35 MP: 3/3
  1194 | D:2      | Reached skill level 1 in Invocations
  1605 | D:1      | Reached skill level 1 in Short Blades
  1605 | D:1      | Reached skill level 1 in Long Blades
  1605 | D:1      | Reached skill level 1 in Maces & Flails
  1605 | D:1      | Reached skill level 1 in Polearms
  1605 | D:1      | Reached skill level 1 in Staves
  1605 | D:1      | Reached skill level 1 in Slings
  1605 | D:1      | Reached skill level 1 in Bows
  1605 | D:1      | Reached skill level 1 in Crossbows
  1605 | D:1      | Reached skill level 1 in Throwing
  1605 | D:1      | Reached skill level 1 in Dodging
  1605 | D:1      | Reached skill level 1 in Stealth
  1605 | D:1      | Reached skill level 1 in Unarmed Combat
  1605 | D:1      | Reached skill level 1 in Spellcasting
  1605 | D:1      | Reached skill level 1 in Evocations
  1608 | D:1      | Reached XP level 4. HP: 12/41 MP: 5/5
  2279 | D:2      | Reached skill level 1 in Conjurations
  2279 | D:2      | Reached skill level 1 in Hexes
  2279 | D:2      | Reached skill level 1 in Summonings
  2279 | D:2      | Reached skill level 1 in Necromancy
  2279 | D:2      | Reached skill level 1 in Translocations
  2279 | D:2      | Reached skill level 1 in Transmutations
  2279 | D:2      | Reached skill level 1 in Fire Magic
  2279 | D:2      | Reached skill level 1 in Ice Magic
  2279 | D:2      | Reached skill level 1 in Air Magic
  2279 | D:2      | Reached skill level 1 in Earth Magic
  2279 | D:2      | Reached skill level 1 in Poison Magic
  2754 | D:3      | Reached XP level 5. HP: 47/47 MP: 6/6
  3172 | D:3      | Found a basalt altar of Yredelemnul.
  3657 | D:4      | Found a burning altar of Makhleb.
  3658 | D:4      | Found an opulent altar of Gozag.
  3761 | D:4      | Became a worshipper of Makhleb the Destroyer
  3858 | D:4      | Found a blossoming altar of Fedhas.
  4116 | D:4      | Noticed a necrophage
  4118 | D:4      | Reached XP level 6. HP: 53/53 MP: 8/8
  4127 | D:4      | Killed a necrophage
  4128 | D:4      | Reached skill level 5 in Axes
  4473 | D:5      | Entered Level 5 of the Dungeon
  4550 | D:5      | Identified the +1 scale mail of Kamieme {Dex+3}
  4798 | D:5      | Found a staircase to the Ecumenical Temple.
  5006 | D:5      | Noticed Ijyb
  5017 | D:5      | Killed Ijyb
  5175 | D:5      | Found Emaxzin's Magic Scroll Boutique.
  5279 | D:5      | Reached XP level 7. HP: 59/59 MP: 10/10
  5469 | Temple   | Entered the Ecumenical Temple
  5834 | D:6      | Found a shimmering blue altar of Sif Muna.
  5991 | D:6      | Noticed Eustachio
  6013 | D:6      | Killed Eustachio
  6282 | D:7      | Identified a scroll of acquirement
  6282 | D:7      | Acquired 999 gold pieces
  6321 | D:5      | Bought a scroll of blinking for 112 gold pieces
  6389 | D:7      | Reached XP level 8. HP: 56/67 MP: 12/12
  6435 | D:7      | Noticed Harold
  6447 | D:7      | Killed Harold
  6738 | D:7      | Reached XP level 9. HP: 73/73 MP: 14/14
  6890 | D:7      | Reached * piety under Makhleb
  6945 | D:7      | Noticed Pikel
  6956 | D:7      | Killed Pikel
  6968 | D:7      | Noticed Menkaure
  6975 | D:7      | Killed Menkaure
  7472 | D:7      | Noticed Maggie
  7482 | D:7      | Killed Maggie
  7483 | D:7      | Reached skill level 5 in Invocations
  7691 | D:8      | Noticed Joseph
  7706 | D:8      | Killed Joseph
  7737 | D:8      | Reached XP level 10. HP: 80/80 MP: 17/17
  7755 | D:8      | Paralysed by a hornet for 2 turns
  7763 | D:8      | HP: 2/80 [killer bee (5)]
  7765 | D:8      | Killed by an exploding killer bee... ignited by their inner
                  | flame

Illustrated notes

Levels and vault maps discovered:
D:1:      shiori_arrival_whats_in_store_for_you, layout_loops_ring,
          serial_rivers, chequers_serial_rivers_small_3,
          chequers_serial_rivers_small_a, chequers_serial_rivers_room_b,
          chequers_serial_rivers_room_b, chequers_serial_rivers_marsh,
          ebering_ecumenical_altar_hall, minmay_ruptured
D:2:      layout_loops_corners, item_on_display_a
D:3:      layout_loops_ring, lemuel_round_altar
D:4:      layout_cave_pods, fedhas_altar_2, gammafunk_temple_overflow_pools
D:5:      layout_loops_ring, minmay_temple_entry_ruins, serial_shops, shop,
          wad_floor_pattern_untrapped, fountainhead, uniq_ijyb
D:6:      layout_rooms, lemuel_doored_altar, minmay_misc_feat_iff,
          uniq_eustachio
D:7:      layout_loops_corners, chequers_serial_rivers_micro_c, uniq_harold,
          uniq_pikel, uniq_maggie, uniq_menkaure
D:8:      layout_rooms, nicolae_uskayaw_murder_on_the_dancefloor,
          general_overflow_altar, enter_ossuary_4, uniq_joseph
Temple:   nicolae_temple_figure_eight

Skill      XL: |  1  2  3  4  5  6  7  8  9 |
---------------+----------------------------+-----
Invocations    | 1 2 3 4 5 |  5.3
Short Blades   | 1 2 3 4 |  4.8
Long Blades    | 1 2 3 4 |  4.8
Maces & Flails | 1 2 3 4 |  4.8
Polearms       | 1 2 3 4 |  4.8
Staves         | 1 2 3 4 |  4.8
Slings         | 1 2 3 4 |  4.8
Bows           | 1 2 3 4 |  4.8
Crossbows      | 1 2 3 4 |  4.8
Throwing       | 1 2 3 4 |  4.8
Dodging        | 1 2 3 4 |  4.8
Stealth        | 1 2 3 4 |  4.8
Unarmed Combat | 1 2 3 4 |  4.8
Spellcasting   | 1 2 3 4 |  4.8
Evocations     | 1 2 3 4 |  4.8
Conjurations   | 1 2 3 4 |  4.0
Hexes          | 1 2 3 4 |  4.0
Summonings     | 1 2 3 4 |  4.0
Necromancy     | 1 2 3 4 |  4.0
Translocations | 1 2 3 4 |  4.0
Transmutations | 1 2 3 4 |  4.0
Fire Magic     | 1 2 3 4 |  4.0
Ice Magic      | 1 2 3 4 |  4.0
Air Magic      | 1 2 3 4 |  4.0
Earth Magic    | 1 2 3 4 |  4.0
Poison Magic   | 1 2 3 4 |  4.0
Axes           | 5 6 |  6.7
Fighting       | 7 8 |  8.2
Armour         | 7 8 |  8.2
Shields        | 7 8 |  8.2

Action                   |  1- 3 |  4- 6 |  7- 9 | 10-12 || total
-------------------------+-------+-------+-------+-------++-------
Melee: War axe           |    96 |    61 |   147 |    17 ||   321
       Bite              |     8 |    15 |    22 |     2 ||    47
       Hand axe          |       |    80 |       |       ||    80
Throw: Dart              |       |       |     4 |       ||     4
       Throwing net      |       |       |     1 |       ||     1
  Use: Scroll            |       |     8 |     5 |     3 ||    16
       Potion            |       |       |     3 |     2 ||     5
Armor: Scale mail        |    41 |    61 |    82 |     8 ||   192
Dodge: Dodged            |    54 |    51 |    73 |    19 ||   197
Block: Buckler           |    32 |    27 |     6 |       ||    65
       Kite shield       |       |       |    57 |    17 ||    74
